 Dungeon Crawl Stone Soup version 0.31-a0-845-g9abc20d24f (webtiles) character file.

Game seed: 11422255896663591186

58 hikkokomori the Ruffian (level 3, 0/16 (18) HPs)
             Began as a Draconian Shapeshifter on Oct 2, 2023.
             Was an Initiate of Wu Jian.
             Slain by a gnoll
             ... wielding a +0 flail
              (7 damage)
             ... on level 4 of the Dungeon.
             The game lasted 00:02:39 (1522 turns).

hikkokomori the Ruffian (Draconian Shapeshifter)    Turns: 1522, Time: 00:02:40

HP:   0/16 (18)     AC:  7    Str: 16    XL:     3   Next: 76%
MP:   3/3           EV: 12    Int: 12    God:    Wu Jian [......]
Gold: 124           SH:  0    Dex: 10    Spells: 2/2 levels left

rFire   . .          .
                       - Unarmed
rCold   . . .        (shield currently unavailable)
rNeg    . . .        (body armour unavailable)
rPois   .            (helmet restricted)
rElec   .            (no cloak)
rCorr   .            f - +1 pair of gloves
SInv    .            (no boots)
Will    .....        (no amulet)
Stlth   +            (no ring)
HPRegen 0.22/turn    (no ring)
MPRegen 0.08/turn

%: no passive effects
@: flux-form, glowing, heavily drained
A: glow, contaminating, reduced hp, AC +5, unfitting armour, cold-blooded
a: Begin Untransformation, Renounce Religion


You were on level 4 of the Dungeon.
You worshipped Wu Jian.
Wu Jian was noncommittal.
You were something dangerously unstable.
You visited 2 branches of the dungeon, and saw 4 of its levels.

You collected 124 gold pieces.

Inventory:

Armour
 f - a +1 pair of gloves (worn)
Talismans
 b - a beast talisman
 c - a flux talisman (active)
Scrolls
 h - a scroll of enchant armour {unknown}
 i - a scroll of identify {unknown}
Potions
 a - a potion of lignification
 d - a potion of curing {unknown}
 e - 2 potions of enlightenment {unknown}
 g - a potion of attraction {unknown}


   Skills:
 + Level 2.2 Fighting
 - Level 1.7 Dodging
 + Level 1.4 Stealth
 + Level 3.5 Unarmed Combat
 + Level 3.3 Shapeshifting


You had 2 spell levels left.
You didn't know any spells.
Your spell library was empty.

Dungeon Overview and Level Annotations

Branches:
Dungeon (4/15)             Temple (1/1) D:4

Altars:
Dithmenos
Elyvilon
Fedhas
Gozag
Hepliaklqana
Makhleb
Okawaru
Qazlal
Ru
Sif Muna
Trog
Uskayaw
Vehumet
Wu Jian
Xom
Yredelemnul
The Shining One


Innate Abilities, Weirdness & Mutations

You are something dangerously unstable.
You glow with magical radiation, making you easy to see and hit.
Foes you strike become dangerously contaminated with magical radiation.
Your maximum health is decreased, since you lack skill for your form.
You are incapable of wielding weapons or throwing items.
Your plain brown scales are hard. (AC +5)
You cannot fit into any form of body armour.
You are cold-blooded and may be slowed by cold attacks.


Message History

Found a shimmering blue altar of Sif Muna.
Found a white marble altar of Elyvilon.
Found a blossoming altar of Fedhas.
There is a hazy altar of Hepliaklqana here.
There is a bloodstained altar of Trog here.
There is a glowing golden altar of the Shining One here.
You kneel at the altar of the Shining One.
There is an ornate altar of the Wu Jian Council here.
You kneel at the altar of Wu Jian.
The Council welcomes you!
You can now perform damaging attacks by moving towards foes.
There is a fountain of clear blue water here.
There is a staircase back to the Dungeon here.
You can't go down here!
You climb upwards.
Welcome back to the Dungeon!
A gnoll comes into view. It is wielding a +0 spear.
There is a staircase to the Ecumenical Temple here.
You enter the shallow water.
Moving in this stuff is going to be slow.
Found a club.
A ball python comes into view.
The ball python hisses angrily.
The gnoll closely misses you.
Unknown command.
You lunge at the ball python.
You hit the ball python.
You kill the ball python!
The Council accepts your kill. The gnoll hits you with a +0 flail!
Unknown command.
The gnoll hits you with a +2 flail of draining.
You feel drained. The gnoll closely misses you.
Unknown command.
Unknown command.
You hit the gnoll but do no damage.
The gnoll begins to glow.
The gnoll closely misses you. The gnoll hits you but does no damage.
You feel drained. The gnoll closely misses you. The gnoll misses you.
The gnoll hits you with a +2 flail of draining.
You feel drained. The gnoll hits you with a +0 flail!
You die...

#.....[..### ....)..
#..........##.......
#......<##............
#.......§§§...........
#......~§§~~.........
######~§§~~§§.......
#§§~>~§§.##..#
....§§§~§~~.#...
......~~g§ggp#.###.#.
.......§~§.g.........
..........###..###.#.
#####...####....#
#....% .........
#.................
.................
...............
...............


You could see 4 gnolls.

Vanquished Creatures
  3 adders (D:2)
  An endoplasm (D:1)
  A giant cockroach (D:1)
  2 goblins (D:2)
  3 hobgoblins
  5 jackals
  2 kobolds (D:1)
  3 quokkas (D:1)
  2 ball pythons
  2 bats
  2 frilled lizards (D:1)
  3 rats
29 creatures vanquished.

Notes
Turn   | Place    | Note
-------+----------+-------------------------------------------
     0 | D:1      | hikkokomori the Draconian Shapeshifter began the quest for
                  | the Orb.
     0 | D:1      | Reached XP level 1. HP: 16/16 MP: 1/1
   253 | D:1      | Reached XP level 2. HP: 23/23 MP: 2/2
   958 | D:2      | Reached skill level 1 in Stealth
  1083 | D:2      | Reached XP level 3. HP: 17/29 MP: 3/3
  1339 | D:2      | You fall into a shaft and drop 2 floors!
  1339 | D:4      | Found a staircase to the Ecumenical Temple.
  1350 | Temple   | Entered the Ecumenical Temple
  1435 | Temple   | Became a worshipper of the Wu Jian Council
  1522 | D:4      | Slain by a gnoll

Illustrated notes

Levels and vault maps discovered:
D:1:      wander_arrival_estate, layout_loops_ring, serial_forest,
          infiniplex_forest_end_3, infiniplex_forest_lined_room_,
          infiniplex_forest_zigzag_1, infiniplex_forest_clump_diagonal,
          infiniplex_forest_clump_double, infiniplex_forest_lined_1,
          minmay_misc_feat_x, kennysheep_minor_cross
D:2:      layout_loops_ring, minmay_misc_feat_tower, grunt_decor_mini_mirrors,
          wad_floor_pattern_untrapped
D:4:      layout_rooms, minmay_temple_entry_mist
Temple:   minmay_temple_bridge_d

Skill      XL: |  1  2 |
---------------+-------+-----
Stealth        | 1 |  1.4
Fighting       | 2 |  2.2
Dodging        | |  1.7
Unarmed Combat | |  3.5
Shapeshifting  | |  3.3

Action                     || total
---------------------------++-------
  Melee: Unarmed           ||    77
         Tailslap          ||    14
Ability: Lunge             ||     1
 Armour: Skin              ||    56
  Dodge: Dodged            ||    54
   Form: Flux              ||     2
         Beast             ||     1

Table legend: (Time is in decaauts)
 A = Elapsed time spent in this place.
 B = Non-inter-level travel time spent in this place.
 C = Inter-level travel time spent in this place.
 D = Time resting spent in this place.
 E = Time spent auto-exploring this place.
 F = Levels seen in this place.
 G = Mean time per level.
                   A        B        C        D        E       F      G
               +--------+--------+--------+--------+--------+-----+--------+
         Total |   1520 |   1327 |    193 |      0 |   1090 |   4 |  380.0 |
       Dungeon |   1359 |   1319 |     40 |      0 |   1090 |   3 |  453.0 |
        Temple |    160 |      7 |    153 |      0 |      0 |   1 |  160.0 |
               +--------+--------+--------+--------+--------+-----+--------+

Top non-repeatable levels by time:
     D:1: 922 daAuts
     D:2: 411 daAuts
  Temple: 160 daAuts
     D:4: 25 daAuts
